 Dungeon Crawl Stone Soup version 0.24-a0-447-ge8da9206dc (webtiles) character file.

Game seed: 5770496533226319664

328 kreghek the Skirmisher (level 6, 0/46 HPs)
             Began as an Octopode Chaos Knight on June 25, 2019.
             Was a Plaything of Xom.
             Killed from afar by Sigmund (6 damage)
             ... with a magic dart
             ... on level 3 of the Dungeon.
             The game lasted 00:05:23 (4071 turns).

kreghek the Skirmisher (Octopode Chaos Knight)      Turns: 4071, Time: 00:05:24

Health: 0/46       AC:  1    Str: 11    XL:     6   Next: 50%
Magic:  6/6        EV: 12    Int: 14    God:    Xom [*.....]
Gold:   142        SH:  6    Dex: 14    Spells: 5/5 levels left

rFire    . . .     SeeInvis .   a - +0 short sword (chaos)
rCold    . . .     Gourm    .   u - +0 shield
rNeg     . . .     Faith    .   (helmet restricted)
rPois    .         Spirit   .   (no amulet)
rElec    .         Reflect  .   n - ring of stealth
rCorr    .         Harm     .   (no ring)
MR       .....                  (no ring)
Stlth    +++.......             (no ring)
HPRegen  0.15/turn              (no ring)
MPRegen  0.10/turn              (no ring)
                                (no ring)
                                (no ring)

@: no status effects
A: almost no armour, stealthy swim, amphibious, 8 rings, constrict 8, camouflage
1, gelatinous body 1
a: Renounce Religion


You were on level 3 of the Dungeon.
You worshipped Xom.
You were a special plaything of Xom.
You were not hungry.

You visited 1 branch of the dungeon, and saw 4 of its levels.

You collected 142 gold pieces.

Inventory:

Hand Weapons
 a - a +0 short sword of chaos (weapon)
 k - a +0 spear
 p - a +1 mace of crushing
 s - a +0 falchion
 v - a +0 hunting sling
 w - a +0 trident
Missiles
 g - 36 sling bullets
 m - 27 poisoned darts (quivered)
Armour
 u - a +0 shield (worn)
Jewellery
 n - a ring of stealth (left tentacle)
Wands
 l - a wand of flame (5)
 t - a wand of polymorph (7)
Scrolls
 e - 4 scrolls of enchant armour {unknown}
 f - a scroll of fear {unknown}
 h - a scroll of teleportation {unknown}
 j - 5 scrolls of remove curse {unknown}
 q - 4 scrolls of identify {unknown}
Potions
 c - a potion of brilliance
 d - a potion of curing {@q1}
 i - a potion of invisibility {unknown}
 o - a potion of haste {unknown}
 r - a potion of mutation {unknown}
Comestibles
 b - 8 rations


   Skills:
 * Level 6.0 Fighting
 - Level 3.0 Short Blades
 + Level 4.3 Dodging
 + Level 0.1 Shields


You had 5 spell levels left.
You didn't know any spells.
Your spell library was empty.

Dungeon Overview and Level Annotations

Branches:
Dungeon (4/15)
 Temple: D:4-7

Altars:

Annotations:
D:3 Ijyb, Sigmund


Innate Abilities, Weirdness & Mutations

You cannot wear most types of armour.
You are very stealthy in the water. (Stealth+)
You are amphibious.
You can wear up to eight rings at the same time.
You can use your tentacles to constrict eight enemies at once.
Your skin changes colour to match your surroundings (Stealth+).
Your rubbery body absorbs attacks. (AC +1, EV +1)


Message History

Aim: Sigmund, wielding a +0 scythe and wearing a +0 robe (lightly wounded)
The puff of flame hits Sigmund.
Sigmund casts a spell.
Sigmund flickers and vanishes!
Deactivating autopickup; reactivate with Ctrl-A.
Something hits you.
You barely miss something.
You hear some strange, mumbled words.
A puff of flame appears from out of thin air!
You block the puff of flame.
You miss something. Something hits you!
You miss something. Something hits you!
You hit something. You squeeze something! You miss something.
Something hits you but does no damage. Something hits you!
* * * LOW HITPOINT WARNING * * *
A magic dart appears from out of thin air!
The magic dart hits you.
You die... "It was about time."

#.# #........#..###....
#.# ##.................
#.# #...........##...#
#รท# ##...........#....
#.# #####..#.#.......
#.# #......>.)###....
#{# #.........###..#.
#.# ###....<........>..
#.###.@................
#.....#.........#.####.
############..###...#..
#.....##.#..
##.##.......
##......##... #
#..#####.....
...##$..###......
.........#.......


There were no monsters in sight!

Vanquished Creatures
  A centaur (D:4)
  Natasha (thrice) (D:2)
  7 adders
  2 oozes
  3 dart slugs
  A worm (D:3)
  A leopard gecko (D:2)
  7 orcs
  4 giant cockroaches
  12 goblins
  13 hobgoblins
  A quokka (D:2)
  14 bats
  5 frilled lizards
  8 kobolds
  9 rats
91 creatures vanquished.

Notes
Turn   | Place    | Note
-------+----------+-------------------------------------------
     0 | D:1      | kreghek the Octopode Chaos Knight began the quest for the
                  | Orb.
     0 | D:1      | Reached XP level 1. HP: 16/16 MP: 1/1
   369 | D:1      | XOM: divination: detect items
   406 | D:1      | Reached XP level 2. HP: 21/21 MP: 2/2
   787 | D:1      | XOM: harmless Chrm miscast
   790 | D:1      | Reached XP level 3. HP: 27/27 MP: 3/3
  1039 | D:1      | XOM is BORED!
  1039 | D:1      | XOM: noise
  1232 | D:1      | XOM: divination: magic mapping
  1399 | D:2      | Noticed Natasha
  1411 | D:2      | Reached skill level 4 in Fighting
  1416 | D:2      | Killed Natasha
  1416 | D:2      | Reached XP level 4. HP: 34/34 MP: 4/4
  1434 | D:2      | XOM: silly message
  1692 | D:2      | XOM: smoke on damage
  1747 | D:2      | Reached XP level 5. HP: 38/38 MP: 5/5
  1850 | D:2      | XOM: harmless Pois miscast
  2334 | D:2      | Reached skill level 5 in Fighting
  2377 | D:2      | Noticed Natasha
  2377 | D:2      | XOM: harmless Pois miscast
  2379 | D:2      | Killed Natasha
  2460 | D:2      | Noticed Natasha
  2466 | D:2      | Killed Natasha
  3157 | D:3      | Reached XP level 6. HP: 39/45 MP: 6/6
  3274 | D:3      | Noticed Ijyb
  3337 | D:3      | Noticed Sigmund
  3363 | D:4      | XOM: stealth player
  3370 | D:4      | XOM: summons friendly white imp
  3377 | D:4      | XOM: noise
  3386 | D:4      | Reached skill level 6 in Fighting
  3788 | D:3      | XOM: god gift: 15 arrows
  3853 | D:3      | XOM: medium Pois miscast
  4071 | D:3      | Killed from afar by Sigmund

Levels and vault maps discovered:
D:1:      dpeg_arrival_rooms_with_view, layout_basic
D:2:      minmay_chambers_of_ones, layout_basic, minmay_joined_circles,
          uniq_natasha
D:3:      layout_rooms, uniq_ijyb, uniq_sigmund
D:4:      layout_cave_pods, grunt_decor_arrowhead, minmay_small_thing,
          uniq_blork_the_orc

Skill      XL: |  1  2  3  4  5  6 |
---------------+-------------------+-----
Fighting       | 4 5 6 |  6.0
Dodging        | 3 4 |  4.3
Short Blades   | |  3.0
Shields        | |  0.1

Action                   |  1- 3 |  4- 6 || total
-------------------------+-------+-------++-------
Melee: Short sword       |    56 |   165 ||   221
       Constrict         |    15 |    39 ||    54
       Tentacles         |     7 |    22 ||    29
Evoke: Wand              |     3 |     4 ||     7
  Use: Potion            |       |     5 ||     5
 Stab: Sleeping          |     6 |     9 ||    15
       Distracted        |       |     1 ||     1
       Paralysed         |       |     1 ||     1
  Eat: Chunk             |     1 |     9 ||    10
Armor: Skin              |     5 |    10 ||    15
Dodge: Dodged            |    31 |   102 ||   133
Block: Shield            |       |     2 ||     2

Table legend:
 A = Non-vault XP
 B = Vault XP
 C = Vault XP percentage of total XP
 D = Non-vault monster count
 E = Vault monster count
 F = Vault count percentage of total count
                 A         B        C        D         E       F
            +---------+---------+-------+---------+---------+-------
      Total |     379 |      90 |  19.2 |      71 |      20 |  22.0
            +---------+---------+-------+---------+---------+-------
        D:1 |      41 |       2 |   4.7 |      24 |       2 |   7.7
        D:2 |     145 |      88 |  37.8 |      26 |      18 |  40.9
        D:3 |      71 |       0 |   0.0 |      17 |       0 |   0.0
        D:4 |     122 |       0 |   0.0 |       4 |       0 |   0.0
            +---------+---------+-------+---------+---------+-------
